 Dungeon Crawl Stone Soup version 0.31-a0-217-g58bb5d79cf (webtiles) character file.

Game seed: 15093905403069440505

12364 qw the Cleaver (level 11, -22/71 HPs)
             Began as a Gargoyle Fighter on July 2, 2023.
             Was a High Priest of Okawaru.
             Annihilated by a bog body (23 damage)
             ... on level 2 of the Lair of Beasts.
             The game lasted 00:04:34 (8778 turns).

qw the Cleaver (Gargoyle Fighter)                   Turns: 8778, Time: 00:04:35

Health: -22/71     AC: 33    Str: 24    XL:     11   Next: 92%
Magic:  16/18      EV:  9    Int:  9    God:    Okawaru [*****.]
Gold:   303        SH:  6    Dex:  9    Spells: 10/10 levels left

rFire   + . .        Y - +0 war axe (flame)
rCold   . . .        g - +0 buckler {rF+}
rNeg    + . .        t - +0 plate armour
rPois   inf          (no helmet)
rElec   +            k - +0 cloak
rCorr   .            s - +2 pair of gloves
SInv    .            (no boots)
Will    .....        (no amulet) Stlth
                     a - +4 ring of protection
HPRegen 0.31/turn    (no ring)
MPRegen 0.16/turn

%: no passive effects
@: about to teleport, heroic, slowed, very slow
A: sickness immunity, AC +8, negative energy resistance 1, electricity
resistance, torment resistance 1, petrification resistance
a: Renounce Religion, Heroism, Finesse, Duel


You were on level 2 of the Lair of Beasts.
You worshipped Okawaru.
Okawaru was extremely pleased with you.
You visited 3 branches of the dungeon, and saw 11 of its levels.

You collected 418 gold pieces.
You spent 115 gold pieces at shops.


Innate Abilities, Weirdness & Mutations

You are immune to sickness and miasma.
Your stone body is resilient. (AC +8)
You are immune to poison.
You resist negative energy. (rN+)
You are resistant to electric shocks. (rElec)
You are resistant to unholy torment.
You are immune to petrification.


   Skills:
 - Level 9.0(14.0) Fighting
 - Level 11.2(16.2) Axes
 + Level 3.5(8.5) Throwing
 - Level 8.0(13.0) Armour
 - Level 1.2(6.2) Dodging
 - Level 5.0(10.0) Shields
 + Level 9.4 Invocations


You had 10 spell levels left.
You didn't know any spells.
Your spell library was empty.

Inventory:

Hand Weapons
 i - a +0 heavy broad axe
 Y - a +0 war axe of flaming (weapon)
Missiles
 p - 2 javelins
 r - 2 boomerangs
 u - 2 silver javelins (quivered)
Armour
 g - a +0 buckler of fire resistance (worn)
 k - a +0 cloak (worn)
 s - a +2 pair of gloves (worn)
 t - a +0 plate armour (worn)
Jewellery
 a - a +4 ring of protection (left hand)
 c - an amulet of guardian spirit
Scrolls
 m - a scroll of teleportation
 n - a scroll of identify
Potions
 b - a potion of heal wounds
 d - 4 potions of might
 e - 2 potions of curing
 f - a potion of haste
 h - a potion of attraction
 j - 3 potions of mutation
 l - a potion of magic
 o - a potion of enlightenment
 q - a potion of lignification {unknown}

Dungeon Overview and Level Annotations

Branches:
Dungeon (8/15)             Temple (1/1) D:4            Lair (2/5) D:8
  Swamp: Lair:2-3    Shoals: Lair:2-3     Snake: Lair:2-3    Spider: Lair:2-3

Altars:
Ashenzari
Cheibriados
Dithmenos
Elyvilon
Fedhas
Gozag
Hepliaklqana
Kikubaaqudgha
Makhleb
Nemelex Xobeh
Okawaru
Ru
Sif Muna
Trog
Uskayaw
Vehumet
Wu Jian
Xom
Yredelemnul
Zin
The Shining One

Shops:
D:4 [

Annotations:
D:3 3 runed translucent doors, qw's ghost, weakling GrHs


Message History

HP restored.
The adder hisses angrily.
You throw a silver javelin.
The silver javelin pierces through the adder!!
You kill the adder!
Okawaru accepts your kill.
Found a mace and a phial of floods.
You enter the shallow water.
Moving in this stuff is going to be slow.
You see here an adder corpse.
u - 2 silver javelins (gained 1)
You see here an adder corpse.
You enter the shallow water.
Moving in this stuff is going to be slow.
You enter the shallow water.
Moving in this stuff is going to be slow.
You see here a +0 leather armour.
A bog body comes into view.
8768 ||| Stepping ~*~*~tactically~*~*~ (hiding).
8769 ||| Stepping ~*~*~tactically~*~*~ (hiding).
You start waiting.
A bog body is nearby!
You hit the bog body but do no damage. The bog body casts a spell at you.
You feel yourself slow down.
You slash the bog body! You burn the bog body.
The bog body is moderately damaged.
The bog body touches you but does no damage.
You hit the bog body but do no damage.
The bog body is moderately damaged.
You block the bog body's attack. The bog body touches you.
The bog body freezes you!!
8777 ||| INVOKING Heroism.
You gain the combat prowess of a mighty hero.
The bog body touches you! The bog body freezes you!!
8778 ||| READING 2 scrolls of teleportation.
As you read the scroll of teleportation, it crumbles to dust.
You feel strangely unstable. The bog body touches you.
The bog body freezes you!!
You die...

###~####..##~..##.%###
##.#~~#~..##~~..P..#.#
##...~~#~####~~.....###
#...~~~~~~~~~~~.....#
#..##~~~~~...[..##..#
#####~#~~#%#.#..##.#...
#~~####.###....#.#..#
#~####%.# #..n.....##
###~~~##%.# #.@#P....#
###.~~~~#..##
#..###.... #.#...~~~.##
#.## ..n.. #[........#
#.# .~ยค #.......###
##. ~ #......## #
#######.# ###


You could see a bog body.

Vanquished Creatures
  A catoblepas (Lair:1)
  A boulder beetle (Lair:1)
  6 elephants (Lair:1)
  2 cane toads
  A rime drake (Lair:1)
  2 komodo dragons (Lair:1)
  4 blink frogs (Lair:1)
  A wraith (D:8)
  2 wyverns (Lair:1)
  10 yaks
  A steam dragon (D:7)
  A basilisk (Lair:1)
  18 water moccasins
  An acid dragon (D:7)
  An orc warrior (D:8)
  A black bear (Lair:2)
  2 ice beasts
  5 wolves (Lair:1)
  An ogre (D:5)
  A phantom (D:6)
  2 centaurs (D:6)
  A kobold brigand (D:8)
  4 scorpions
  11 bullfrogs
  2 howler monkeys
  2 hounds
  2 jellies
  3 orc priests
  A gnoll bouda (D:4)
  2 iguanas (D:4)
  A sleepcap (D:7)
  Jessica (D:2)
  4 orc wizards
  26 adders
  3 gnolls (D:4)
  A shadow imp (D:6)
  2 white imps
  An ufetubus (D:6)
  2 worms
  3 dart slugs
  24 orcs
  8 ball pythons
  7 bats
  8 endoplasms
  3 giant cockroaches
  19 goblins
  4 hobgoblins
  4 jackals (D:4)
  5 quokkas
  5 frilled lizards
  7 kobolds
  5 rats
235 creatures vanquished.

Notes
Turn   | Place    | Note
-------+----------+-------------------------------------------
     0 | D:1      | qw the Gargoyle Fighter began the quest for the Orb.
     0 | D:1      | Reached XP level 1. HP: 14/14 MP: 1/1
     0 | D:1      | 0 ||| qw: Version: 0.3-a-40-ge99b1a8
     0 | D:1      | 0 ||| qw: Game counter: 271
     0 | D:1      | 0 ||| qw: Melee chars always use a shield: true
     0 | D:1      | 0 ||| qw: God list: Okawaru
     0 | D:1      | 0 ||| qw: Allow faded altars: false
     0 | D:1      | 0 ||| qw: Do Orc after clearing Dungeon:15 true
     0 | D:1      | 0 ||| qw: Do second Lair branch before Depths: true
     0 | D:1      | 0 ||| qw: Lair rune preference: random
     0 | D:1      | 0 ||| qw: Goals: Normal, Zot:1-4, Slime:5, God:TSO, Crypt,
                  | Tomb, Abyss, Pan, Hells, Win
     0 | D:1      | 0 ||| PLANNING D:1-11
    32 | D:1      | Reached skill level 2 in Axes
    99 | D:1      | 99 ||| Stepping ~*~*~tactically~*~*~ (stealth).
   101 | D:1      | 101 ||| Stepping ~*~*~tactically~*~*~ (stealth).
   111 | D:1      | Reached XP level 2. HP: 19/19 MP: 2/2
   281 | D:1      | 281 ||| Stepping ~*~*~tactically~*~*~ (hiding).
   323 | D:1      | 323 ||| DROPPING +0 club.
   456 | D:1      | Reached skill level 3 in Axes
   724 | D:1      | 724 ||| READING scroll labelled OFAEKH YHYM.
   825 | D:1      | 825 ||| READING scroll labelled DAAFFI TAGEM.
   829 | D:1      | 829 ||| READING scroll labelled OMUUBL HIST.
   830 | D:1      | 830 ||| READING scroll labelled DUISEXTEXTO.
   930 | D:2      | Reached XP level 3. HP: 19/23 MP: 3/3
  1007 | D:2      | 1007 ||| Stepping ~*~*~tactically~*~*~ (stealth).
  1008 | D:2      | 1008 ||| Stepping ~*~*~tactically~*~*~ (stealth).
  1009 | D:2      | 1009 ||| Stepping ~*~*~tactically~*~*~ (stealth).
  1010 | D:2      | 1010 ||| Stepping ~*~*~tactically~*~*~ (stealth).
  1028 | D:2      | 1028 ||| Stepping ~*~*~tactically~*~*~ (stealth).
  1044 | D:2      | 1044 ||| Stepping ~*~*~tactically~*~*~ (stealth).
  1201 | D:2      | Noticed Jessica
  1204 | D:2      | Killed Jessica
  1205 | D:2      | Reached skill level 4 in Axes
  1205 | D:2      | Reached XP level 4. HP: 28/28 MP: 4/4
  1230 | D:2      | 1230 ||| DROPPING +0 whip.
  1285 | D:2      | 1285 ||| Stepping ~*~*~tactically~*~*~ (stealth).
  1683 | D:2      | 1683 ||| READING scroll labelled KOISOAJONU.
  1684 | D:2      | 1684 ||| READING scroll labelled OFIKEXZ ETUTZ.
  1685 | D:2      | 1685 ||| DRINKING 2 puce potions.
  1686 | D:2      | 1686 ||| DRINKING 2 fuming cyan potions.
  1841 | D:3      | 1841 ||| DROPPING +1 spectral club.
  1887 | D:3      | Found a runed translucent gate.
  1890 | D:3      | Found a runed translucent gate.
  1891 | D:3      | Found a runed translucent gate.
  1892 | D:3      | Found an opulent altar of Gozag.
  1893 | D:3      | Noticed qw's ghost (weakling GrHs)
  2390 | D:3      | 2390 ||| Stepping ~*~*~tactically~*~*~ (hiding).
  2391 | D:3      | 2391 ||| Stepping ~*~*~tactically~*~*~ (hiding).
  2395 | D:3      | 2395 ||| Stepping ~*~*~tactically~*~*~ (hiding).
  2402 | D:3      | Reached XP level 5. HP: 32/32 MP: 5/5
  2416 | D:3      | 2416 ||| Stepping ~*~*~tactically~*~*~ (stealth).
  2424 | D:3      | 2424 ||| DROPPING +0 mace.
  2666 | D:3      | 2666 ||| Stepping ~*~*~tactically~*~*~ (stealth).
  2702 | D:3      | 2702 ||| UPGRADING to +0 cloak.
  2707 | D:3      | 2707 ||| UPGRADING to +0 pair of gloves.
  2712 | D:3      | 2712 ||| UPGRADING to +4 ring of protection.
  2713 | D:3      | 2713 ||| READING scroll labelled EQITWO WIHYRO.
  2714 | D:3      | 2714 ||| DROPPING +0 flail.
  2715 | D:3      | 2715 ||| READING scroll labelled TUHIST MITSAPT.
  2716 | D:3      | 2716 ||| READING 5 scrolls labelled LOERYID ABYTOD.
  2717 | D:3      | 2717 ||| READING scroll labelled UPNOODGH ZECYE.
  2718 | D:3      | 2718 ||| READING scroll labelled HEUNOY ETTISI.
  2719 | D:3      | 2719 ||| READING 4 scrolls of identify.
  2719 | D:3      | 2719 ||| IDENTIFYING sedimented silvery potion
  2720 | D:3      | 2720 ||| READING 3 scrolls of identify.
  2720 | D:3      | 2720 ||| IDENTIFYING smoky black potion
  2721 | D:3      | 2721 ||| READING 2 scrolls of identify.
  2721 | D:3      | 2721 ||| IDENTIFYING white potion
  2722 | D:3      | 2722 ||| DROPPING potion of degeneration.
  2759 | D:4      | Found Haduv's Armour Shop.
  2762 | D:4      | 2762 ||| BUYING +0 buckler of fire resistance (115 gold).
  2762 | D:4      | Bought a +0 buckler of fire resistance for 115 gold pieces
  2762 | D:4      | 2762 ||| SHOPLISTING +0 plate armour (230 gold, have 21).
  2807 | D:4      | Reached skill level 5 in Axes
  2887 | D:4      | 2887 ||| Stepping ~*~*~tactically~*~*~ (stealth).
  2890 | D:4      | Reached skill level 1 in Throwing
  2890 | D:4      | Reached XP level 6. HP: 37/37 MP: 6/6
  2918 | D:4      | Found a staircase to the Ecumenical Temple.
  2919 | D:4      | 2919 ||| PLANNING TEMPLE
  2919 | D:4      | 2919 ||| UPGRADING to +0 buckler of fire resistance.
  2929 | D:4      | 2929 ||| DROPPING +0 buckler.
  2930 | D:4      | 2930 ||| UPGRADING to +0 chain mail.
  2940 | D:4      | 2940 ||| DROPPING +0 scale mail.
  2943 | D:4      | Found a faded altar of an unknown god.
  2950 | Temple   | Entered the Ecumenical Temple
  3114 | Temple   | 3114 ||| PLANNING OKAWARU WORSHIP
  3219 | Temple   | Became a worshipper of Warmaster Okawaru
  3220 | Temple   | 3220 ||| PLANNING D:1-11
  3277 | D:4      | 3277 ||| Stepping ~*~*~tactically~*~*~ (stealth).
  3278 | D:4      | 3278 ||| Stepping ~*~*~tactically~*~*~ (stealth).
  3386 | D:4      | Identified the +8 mace of the Insatiable Lovers {speed,
                  | Dex+2}
  3658 | D:4      | HP: 9/38 [gnoll/+0 whip[a gnoll bouda] (6)]
  3882 | D:4      | 3882 ||| READING 2 scrolls of identify.
  3882 | D:4      | 3882 ||| IDENTIFYING fuming silvery potion
  3937 | D:5      | Entered Level 5 of the Dungeon
  3964 | D:5      | Found an ornate altar of the Wu Jian Council.
  4047 | D:5      | Reached XP level 7. HP: 43/43 MP: 7/7
  4052 | D:5      | Reached * piety under Okawaru
  4053 | D:5      | Reached skill level 6 in Axes
  4078 | D:5      | 4078 ||| Stepping ~*~*~tactically~*~*~ (stealth).
  4093 | D:5      | 4093 ||| READING scroll of enchant armour.
  4093 | D:5      | 4093 ||| ENCHANTING +0 pair of gloves.
  4280 | D:5      | Reached skill level 1 in Dodging
  4280 | D:5      | Reached skill level 1 in Invocations
  4384 | D:5      | 4384 ||| Stepping ~*~*~tactically~*~*~ (stealth).
  4397 | D:5      | 4397 ||| INVOKING Heroism.
  4533 | D:5      | 4533 ||| Stepping ~*~*~tactically~*~*~ (stealth).
  4554 | D:5      | 4554 ||| READING scroll of enchant armour.
  4554 | D:5      | 4554 ||| ENCHANTING +1 pair of gloves.
  4645 | D:5      | 4645 ||| UPGRADING to +0 plate armour.
  4655 | D:5      | 4655 ||| DROPPING +0 chain mail.
  4656 | D:5      | 4656 ||| READING scroll labelled LOSMUI XATETTOWAS.
  4657 | D:5      | 4657 ||| DRINKING 2 red potions.
  4658 | D:5      | 4658 ||| READING 2 scrolls of identify.
  4658 | D:5      | 4658 ||| IDENTIFYING fizzy cyan potion
  4659 | D:5      | 4659 ||| DROPPING potion of berserk rage.
  4774 | D:6      | 4774 ||| Stepping ~*~*~tactically~*~*~ (hiding).
  4906 | D:6      | Reached skill level 3 in Invocations
  4906 | D:6      | Reached XP level 8. HP: 42/48 MP: 10/10
  4917 | D:6      | 4917 ||| INVOKING Heroism.
  5019 | D:6      | 5019 ||| Stepping ~*~*~tactically~*~*~ (stealth).
  5020 | D:6      | 5020 ||| Stepping ~*~*~tactically~*~*~ (stealth).
  5081 | D:6      | Noticed a yak
  5081 | D:6      | Noticed a yak
  5081 | D:6      | Noticed a yak
  5083 | D:6      | Noticed a yak
  5086 | D:6      | Killed a yak
  5091 | D:6      | Killed a yak
  5091 | D:6      | Reached ** piety under Okawaru
  5092 | D:6      | Reached skill level 7 in Axes
  5095 | D:6      | Killed a yak
  5098 | D:6      | Killed a yak
  5216 | D:6      | 5216 ||| INVOKING Heroism.
  5421 | D:6      | Reached skill level 8 in Axes
  5481 | D:6      | 5481 ||| READING 2 scrolls of identify.
  5481 | D:6      | 5481 ||| IDENTIFYING smoky dark potion
  5482 | D:6      | 5482 ||| DROPPING potion of invisibility.
  5506 | D:7      | Reached XP level 9. HP: 52/54 MP: 12/12
  5510 | D:7      | 5510 ||| INVOKING Heroism.
  5573 | D:7      | 5573 ||| Stepping ~*~*~tactically~*~*~ (hiding).
  5577 | D:7      | 5577 ||| INVOKING Heroism.
  5847 | D:7      | 5847 ||| INVOKING Heroism.
  5939 | D:7      | Found a shimmering altar of Xom.
  5948 | D:7      | Reached skill level 6 in Fighting
  5951 | D:7      | Found a blossoming altar of Fedhas.
  5952 | D:7      | Found a snail-covered altar of Cheibriados.
  5953 | D:7      | Found a shimmering blue altar of Sif Muna.
  5954 | D:7      | Found a white marble altar of Elyvilon.
  5956 | D:7      | Found a hide-covered altar of Uskayaw.
  6323 | D:8      | 6323 ||| INVOKING Heroism.
  6411 | D:8      | Reached *** piety under Okawaru
  6412 | D:8      | Reached skill level 9 in Axes
  6464 | D:8      | Found a staircase to the Lair.
  6465 | D:8      | 6465 ||| INVOKING Heroism.
  6533 | D:8      | 6533 ||| Stepping ~*~*~tactically~*~*~ (stealth).
  6539 | D:8      | 6539 ||| Stepping ~*~*~tactically~*~*~ (stealth).
  6552 | D:8      | Reached skill level 6 in Armour
  6661 | D:8      | 6661 ||| INVOKING Heroism.
  6843 | D:8      | 6843 ||| PLANNING LAIR
  6843 | D:8      | 6843 ||| READING scroll labelled JEURIH BIUQASO.
  6870 | Lair:1   | Entered Level 1 of the Lair of Beasts
  6961 | Lair:1   | 6961 ||| Stepping ~*~*~tactically~*~*~ (stealth).
  6970 | Lair:1   | Reached XP level 10. HP: 61/63 MP: 13/13
  7031 | Lair:1   | Noticed a boulder beetle
  7032 | Lair:1   | 7032 ||| INVOKING Heroism.
  7036 | Lair:1   | Reached skill level 10 in Axes
  7047 | Lair:1   | Killed a boulder beetle
  7165 | Lair:1   | Reached skill level 3 in Throwing
  7224 | Lair:1   | Noticed a catoblepas
  7225 | Lair:1   | 7225 ||| Stepping ~*~*~tactically~*~*~ (hiding).
  7230 | Lair:1   | 7230 ||| INVOKING Heroism.
  7239 | Lair:1   | Killed a catoblepas
  7239 | Lair:1   | Reached **** piety under Okawaru
  7247 | Lair:1   | 7247 ||| Stepping ~*~*~tactically~*~*~ (stealth).
  7250 | Lair:1   | 7250 ||| Stepping ~*~*~tactically~*~*~ (stealth).
  7252 | Lair:1   | 7252 ||| Stepping ~*~*~tactically~*~*~ (stealth).
  7253 | Lair:1   | 7253 ||| Stepping ~*~*~tactically~*~*~ (stealth).
  7411 | Lair:1   | Noticed an elephant
  7412 | Lair:1   | 7412 ||| Stepping ~*~*~tactically~*~*~ (stealth).
  7413 | Lair:1   | 7413 ||| Stepping ~*~*~tactically~*~*~ (stealth).
  7415 | Lair:1   | 7415 ||| Stepping ~*~*~tactically~*~*~ (stealth).
  7418 | Lair:1   | 7418 ||| Stepping ~*~*~tactically~*~*~ (stealth).
  7418 | Lair:1   | Noticed a cane toad
  7419 | Lair:1   | 7419 ||| INVOKING Heroism.
  7420 | Lair:1   | 7420 ||| Stepping ~*~*~tactically~*~*~ (stealth).
  7421 | Lair:1   | Noticed an elephant
  7421 | Lair:1   | Noticed an elephant
  7430 | Lair:1   | Killed an elephant
  7434 | Lair:1   | Noticed an elephant
  7436 | Lair:1   | Killed a cane toad
  7442 | Lair:1   | Noticed an elephant
  7443 | Lair:1   | HP: 15/64 [elephant (5)]
  7444 | Lair:1   | 7444 ||| READING 3 scrolls of teleportation.
  7445 | Lair:1   | 7445 ||| DRINKING 2 potions of heal wounds.
  7446 | Lair:1   | 7446 ||| INVOKING Heroism.
  7474 | Lair:1   | 7474 ||| Stepping ~*~*~tactically~*~*~ (stealth).
  7617 | Lair:1   | Reached skill level 6 in Invocations
  7617 | Lair:1   | Reached XP level 11. HP: 69/69 MP: 15/15
  7660 | Lair:1   | 7660 ||| Stepping ~*~*~tactically~*~*~ (stealth).
  7661 | Lair:1   | 7661 ||| Stepping ~*~*~tactically~*~*~ (stealth).
  7678 | Lair:1   | Reached ***** piety under Okawaru
  7681 | Lair:1   | Received a gift from Okawaru
  7778 | Lair:1   | 7778 ||| Stepping ~*~*~tactically~*~*~ (stealth).
  7792 | Lair:1   | 7792 ||| INVOKING Heroism.
  7910 | Lair:1   | 7910 ||| Stepping ~*~*~tactically~*~*~ (stealth).
  7911 | Lair:1   | 7911 ||| Stepping ~*~*~tactically~*~*~ (stealth).
  7918 | Lair:1   | 7918 ||| INVOKING Heroism.
  7919 | Lair:1   | 7919 ||| Stepping ~*~*~tactically~*~*~ (stealth).
  7921 | Lair:1   | 7921 ||| Stepping ~*~*~tactically~*~*~ (stealth).
  7922 | Lair:1   | 7922 ||| Stepping ~*~*~tactically~*~*~ (stealth).
  7944 | Lair:1   | Reached skill level 11 in Axes
  7949 | Lair:1   | Reached skill level 9 in Fighting
  8112 | Lair:1   | 8112 ||| INVOKING Heroism.
  8478 | Lair:1   | 8478 ||| READING 2 scrolls of identify.
  8478 | Lair:1   | 8478 ||| IDENTIFYING brown potion
  8513 | Lair:2   | 8513 ||| INVOKING Heroism.
  8531 | Lair:2   | 8531 ||| INVOKING Heroism.
  8581 | Lair:2   | 8581 ||| Stepping ~*~*~tactically~*~*~ (stealth).
  8586 | Lair:2   | Reached skill level 9 in Invocations
  8604 | Lair:2   | Received a gift from Okawaru
  8692 | Lair:2   | 8692 ||| Stepping ~*~*~tactically~*~*~ (water).
  8693 | Lair:2   | 8693 ||| Stepping ~*~*~tactically~*~*~ (stealth).
  8767 | Lair:2   | Noticed a bog body
  8768 | Lair:2   | 8768 ||| Stepping ~*~*~tactically~*~*~ (hiding).
  8769 | Lair:2   | 8769 ||| Stepping ~*~*~tactically~*~*~ (hiding).
  8777 | Lair:2   | 8777 ||| INVOKING Heroism.
  8777 | Lair:2   | HP: 4/71 [bog body (25)]
  8778 | Lair:2   | 8778 ||| READING 2 scrolls of teleportation.
  8778 | Lair:2   | HP: 1/71 [bog body (3)]
  8778 | Lair:2   | Annihilated by a bog body

Levels and vault maps discovered:
D:1:      lordsloth_arrival_two_stooges, layout_basic, nrook_mini_backslash,
          minmay_misc_feat_four_crosses
D:2:      layout_loops_cross, dreamdust_mushroom_princess, uniq_jessica
D:3:      minmay_razor_zed, layout_loops_cross, ebering_ghost_gozag,
          minmay_unequal
D:4:      layout_gridville, nicolae_temple_entry_ecumenical, serial_shops,
          nicolae_stop_n_shop_1
D:5:      layout_loops_cross, pdpol_wu_jian_five_deadly_venoms
D:6:      layout_basic
D:7:      cheibrodos_quashed, layout_loops_ring, minitemple
D:8:      layout_rooms, grunt_lair_entry_orc_guard_hut
Temple:   minmay_temple_curvy_branch
Lair:1:   layout_regular_city, beast_lair_carwin_10,
          infiniplex_staircase_pool_2, grunt_megastairs_2
Lair:2:   lemuel_reptile_caves, layout_cave_shapes, skrybe_swamp_entry_bodies,
          spider_nest_entry_a, st_stairs_3, nicolae_lair_grove_arrangements

Skill      XL: |  1  2  3  4  5  6  7  8  9 10 11 |
---------------+----------------------------------+-----
Axes           | 2 3 4 5 6 8 9 10 11 | 11.2
Throwing       | 1 2 3 |  3.5
Fighting       | 4 5 7 8 9 |  9.0
Dodging        | 1 |  1.2
Invocations    | 3 4 6 9 |  9.4
Armour         | 4 6 7 8 |  8.0
Shields        | 4 5 |  5.0

Action                     |  1- 3 |  4- 6 |  7- 9 | 10-12 || total
---------------------------+-------+-------+-------+-------++-------
  Melee: War axe           |    61 |   187 |   237 |   279 ||   764
  Throw: Boomerang         |       |    18 |    18 |    15 ||    51
         Javelin           |       |    18 |    39 |    19 ||    76
 Invoke: Heroism           |       |       |     9 |    10 ||    19
    Use: Scroll            |     4 |    11 |     6 |     3 ||    24
         Potion            |       |     2 |     1 |     1 ||     4
 Armour: Scale mail        |    24 |    69 |       |       ||    93
         Chain mail        |       |    18 |    24 |       ||    42
         Plate armour      |       |       |   161 |   260 ||   421
  Dodge: Dodged            |    24 |    76 |    75 |   116 ||   291
  Block: Buckler           |    10 |    33 |    45 |    68 ||   156

Table legend:
 A = Non-vault XP
 B = Vault XP
 C = Vault XP percentage of total XP
 D = Non-vault monster count
 E = Vault monster count
 F = Vault count percentage of total count
                 A         B        C        D         E       F
            +---------+---------+-------+---------+---------+-------
      Total |   12036 |    5627 |  31.9 |     168 |      67 |  28.5
            +---------+---------+-------+---------+---------+-------
        D:1 |      30 |       0 |   0.0 |      15 |       0 |   0.0
        D:2 |      59 |      37 |  38.5 |      21 |       1 |   4.5
        D:3 |      39 |      41 |  51.2 |      20 |      15 |  42.9
        D:4 |     357 |       0 |   0.0 |      26 |       0 |   0.0
        D:5 |     430 |       0 |   0.0 |       9 |       0 |   0.0
        D:6 |    1324 |       0 |   0.0 |      17 |       0 |   0.0
        D:7 |     830 |       0 |   0.0 |      18 |       0 |   0.0
        D:8 |     689 |     579 |  45.7 |      15 |       5 |  25.0
     Lair:1 |    7747 |    2809 |  26.6 |      25 |      16 |  39.0
     Lair:2 |     531 |    2161 |  80.3 |       2 |      30 |  93.8
            +---------+---------+-------+---------+---------+-------
